 Dungeon Crawl Stone Soup version 0.29.1-13-g9f3cf754e1 (webtiles) character file.

Game seed: 16555298564081692614

32186 Revguard the Cleaver (level 14, -9/108 HPs)
             Began as a Formicid Fighter on Feb 2, 2023.
             Was the Champion of Okawaru.
             Mangled by a large slime creature (33 damage)
             ... on level 13 of the Dungeon.
             The game lasted 00:45:41 (13223 turns).

Revguard the Cleaver (Formicid Fighter)            Turns: 13223, Time: 00:45:41

Health: -9/108     AC: 18    Str: 29    XL:     14   Next: 1%
Magic:  21/21      EV: 14    Int:  9    God:    Okawaru [******]
Gold:   1102       SH: 12    Dex: 16    Spells: 13/13 levels left

rFire   . . .      SeeInvis +   a - +0 war axe (freeze)
rCold   . . .      Faith    .   o - +0 kite shield
rNeg    . . .      Spirit   .   J - +5 ring mail of the Meadowlark {rElec Str+4 Dex+3}
rPois   .          Reflect  .   (helmet unavailable)
rElec   +          Harm     .   k - +0 cloak
rCorr   .          Rampage  .   j - +3 pair of gauntlets of War {Slay+5}
Will    ++...                   (no boots)
Stlth   +.........              s - amulet of regeneration
HPRegen 1.08/turn               e - +4 ring of slaying
MPRegen 0.17/turn               g - ring of willpower

@: no status effects
A: permanent stasis, dig shafts and tunnels, antennae 3, four strong arms,
passive freeze, MP-powered wands
a: Dig, Shaft Self, Renounce Religion, Heroism, Finesse, Duel


You were on level 13 of the Dungeon.
You worshipped Okawaru.
Okawaru was exalted by your worship.
You visited 2 branches of the dungeon, and saw 15 of its levels.
You also visited: Sewer.

You collected 1102 gold pieces.

Inventory:

Hand Weapons
 a - a +0 war axe of freezing (weapon)
Armour
 j - the +3 pair of gauntlets of War (worn) {Slay+5}
   (You found it on level 3 of the Dungeon)

   Slay:      It affects your accuracy & damage with ranged weapons and melee
   (+5).
 k - a +0 cloak (worn)
 o - a +0 kite shield (worn)
 J - the +5 ring mail of the Meadowlark (worn) {rElec Str+4 Dex+3}
   (Okawaru gifted it to you on level 13 of the Dungeon)

   Str:       It affects your strength (+4).
   Dex:       It affects your dexterity (+3).
   rElec:     It insulates you from electricity.
Jewellery
 e - a +4 ring of slaying (left hand)
 g - a ring of willpower (right hand)
 l - an amulet of reflection
 q - a ring of willpower
 s - an amulet of regeneration (around neck)
 H - the ring "Kosepefy" {rC+ AC+4}
   (You found it on level 13 of the Dungeon)

   [ring of protection]

   AC:        It affects your AC (+4).
   rC:        It protects you from cold.
Wands
 m - a wand of polymorph (7)
 n - a wand of paralysis (8)
 y - a wand of iceblast (3)
 E - a wand of mindburst (7)
 F - a wand of digging (5)
Scrolls
 d - 2 scrolls of vulnerability
 f - 5 scrolls of amnesia
 r - 2 scrolls of enchant armour
 u - a scroll of brand weapon
 v - a scroll of poison
 w - 2 scrolls of magic mapping
 x - 2 scrolls of fog
 B - a scroll of fear
 G - 3 scrolls of identify
 I - a scroll of enchant weapon {unknown}
Potions
 b - a potion of resistance
 c - a potion of magic {unknown}
 i - 2 potions of ambrosia
 p - 4 potions of heal wounds
 z - a potion of brilliance
 A - 3 potions of flight
 C - 5 potions of curing
 D - 2 potions of mutation


   Skills:
 + Level 9.5 Fighting
 * Level 12.0 Axes
 + Level 9.7 Armour
 + Level 7.4 Dodging
 + Level 11.4 Shields
 + Level 9.7 Invocations
 + Level 8.9 Evocations


You had 13 spell levels left.
You didn't know any spells.
Your spell library contained the following spells:

 Spells                   Type           Power      Damage    Failure   Level
 Apportation              Tloc           0%         N/A       67%         1
 Beastly Appendage        Tmut           0%         N/A       67%         1
 Freeze                   Ice            0%         1d3       67%         1
 Necrotise                Necr           0%         1d4       67%         1
 Sublimation of Blood     Necr           0%         N/A       82%         2
 Wereblood                Tmut           0%         N/A       82%         2
 Frozen Ramparts          Ice            0%         1d1       96%         3
 Gell's Gravitas          Tloc           0%         N/A       96%         3
 Spider Form              Tmut/Pois      0%         N/A       96%         3
 Teleport Other           Tloc           0%         N/A       96%         3
 Fulminant Prism          Conj/Hex       0%         3d6       100%        4
 Hailstorm                Conj/Ice       0%         3d3       100%        4
 Iskenderun's Mystic Bla  Conj/Tloc      0%         2d3       100%        4
 Petrify                  Tmut/Erth      0%         N/A       100%        4
 Irradiate                Conj/Tmut      0%         3d11      100%        5
 Lee's Rapid Deconstruct  Erth           0%         3d5*      100%        5
 Dispersal                Tloc           0%         N/A       100%        6
 Disjunction              Tloc           0%         N/A       100%        8
 Summon Small Mammal      Summ           Unusable   N/A       N/A         1

Dungeon Overview and Level Annotations

Branches:
Dungeon (14/15)            Temple (1/1) D:6            Lair (0/5) D:9
    Orc (0/2) D:12         Vaults (0/5) D:13          Sewer (visited)

Altars:
Ashenzari
Cheibriados
Dithmenos
Elyvilon
Fedhas
Gozag
Hepliaklqana
Kikubaaqudgha
Makhleb
Nemelex Xobeh
Okawaru
Qazlal
Ru
Sif Muna
Trog
Uskayaw
Vehumet
Wu Jian
Xom
Yredelemnul
Zin
The Shining One

Shops:
D:9 ((


Innate Abilities, Weirdness & Mutations

You cannot be hasted, slowed, berserked, paralysed or teleported.
You can dig through walls and to a lower floor.
You have a pair of large antennae on your head. (SInv)
Your four strong arms can wield two-handed weapons with a shield.
A frigid envelope surrounds you and freezes all who hurt you.
You expend magic power (3 MP) to strengthen your wands.


Message History

You see here a +0 leather armour.
There is an open door here.
There is an open door here. 2 slime creatures come into view.
Two slime creatures merge to form a large slime creature.
You block the large slime creature's attack.
You hit the large slime creature. You freeze the large slime creature.
The large slime creature is lightly wounded.
The large slime creature hits you!!
The large slime creature is very cold.
The large slime creature is lightly wounded.
You barely miss the large slime creature.
The large slime creature is lightly wounded.
The large slime creature hits you!!
You slice the large slime creature!! You freeze the large slime creature.
The large slime creature is moderately wounded.
You block the large slime creature's attack.
You completely miss the large slime creature.
The large slime creature is moderately wounded.
You block the large slime creature's attack.
You slash the large slime creature! You freeze the large slime creature.
The large slime creature is moderately wounded.
The large slime creature hits you!!
* * * LOW HITPOINT WARNING * * *
The large slime creature is very cold.
The large slime creature is heavily wounded.
You slash the large slime creature! You freeze the large slime creature.
The large slime creature is heavily wounded.
The large slime creature hits you but does no damage.
The large slime creature is very cold.
The large slime creature is heavily wounded.
You slash the large slime creature! You freeze the large slime creature.
The large slime creature is severely wounded.
The large slime creature hits you!
* * * LOW HITPOINT WARNING * * *
The large slime creature is very cold.
The large slime creature is severely wounded.
You slice the large slime creature!! You freeze the large slime creature!
The large slime creature is almost dead.
The large slime creature hits you!!
You die...

###################
#.[.......)(......#
#[###############.# #.#......#
#.# #.#.####.########.# # #.#@#
#........#.# # ######.#J#
#.######.#.# ### #......#.# #.#
#.#.# ..#######.######.# #.#
#)#.# ....).....######.# #.#
#.#.# ..######.........#
#.######)#.#
.####################......))..#
......................######.###
.####################.## #.#


You could see a large slime creature.

Vanquished Creatures
  2 hydras
  A boulder beetle (D:12)
  4 vault guards
  4 two-headed ogres
  3 centaur warriors (D:13)
  Erica (D:11)
  3 death yaks (D:9)
  4 skeletal warriors (D:13)
  3 deep elf pyromancers
  5 ugly things
  4 manticores
  A cyclops (D:12)
  A moth of wrath (D:11)
  A gargoyle (D:8)
  2 efreet
  A komodo dragon (D:12)
  3 unseen horrors (D:12)
  4 trolls
  2 hornets (D:5)
  3 slime creatures
  Sigmund (D:2)
  5 wraiths
  2 shadows
  Eustachio (D:4)
  3 vampires
  12 yaks
  A wyvern (D:7)
  A basilisk (D:12)
  Grum (D:10)
  2 steam dragons (D:7)
  4 wargs (D:10)
  3 acid dragons
  Duvessa (D:4)
  7 orc warriors
  A swamp drake (D:12)
  A black bear (D:6)
  4 ogres
  8 centaurs
  3 wolves (D:10)
  5 phantoms
  6 kobold brigands
  A gnoll sergeant (D:10)
  2 necrophages
  3 scorpions
  Dowan (D:4)
  4 killer bees (D:9)
  A howler monkey (D:11)
  2 electric eels (D:10)
  A gnoll bouda (D:6)
  5 orc priests
  7 hounds
  3 jellies
  Jessica (D:2)
  4 iguanas
  A hell rat (D:9)
  14 orc wizards
  Terence (D:2)
  13 gnolls
  14 river rats
  10 adders
  3 shadow imps
  3 white imps
  An ufetubus (D:4)
  5 worms
  A dart slug (D:3)
  45 orcs
  13 ball pythons
  13 bats
  10 endoplasms
  9 giant cockroaches
  11 goblins
  10 hobgoblins
  2 jackals (D:3)
  41 kobolds
  14 quokkas
  2 frilled lizards (D:1)
  50 rats
445 creatures vanquished.

Vanquished Creatures (others)
  4 plants (D:1)
4 creatures vanquished.

Grand Total: 449 creatures vanquished

Notes
Turn   | Place    | Note
-------+----------+-------------------------------------------
     0 | D:1      | Revguard the Formicid Fighter began the quest for the Orb.
     0 | D:1      | Reached XP level 1. HP: 18/18 MP: 1/1
    69 | D:1      | Reached XP level 2. HP: 20/24 MP: 2/2
   500 | D:1      | Reached XP level 3. HP: 28/29 MP: 3/3
   886 | D:1      | Reached skill level 1 in Evocations
  1690 | D:2      | Reached skill level 1 in Invocations
  1690 | D:2      | Reached XP level 4. HP: 34/36 MP: 4/4
  1769 | D:2      | Noticed Sigmund
  1780 | D:2      | Killed Sigmund
  1781 | D:2      | Reached skill level 3 in Axes
  1781 | D:2      | Reached skill level 1 in Dodging
  1781 | D:2      | Reached XP level 5. HP: 18/42 MP: 4/6
  1781 | D:2      | Reached XP level 6. HP: 21/48 MP: 4/7
  2054 | D:2      | Noticed Terence
  2066 | D:2      | Killed Terence
  2249 | D:2      | Noticed Jessica
  2251 | D:2      | Killed Jessica
  2981 | D:3      | Found a glowing drain.
  2985 | Sewer    | Entered a sewer
  3043 | Sewer    | Reached skill level 5 in Shields
  3045 | Sewer    | Reached XP level 7. HP: 54/54 MP: 8/8
  3086 | Sewer    | Reached skill level 4 in Axes
  3294 | Sewer    | Gained mutation: Your spells are a little harder to cast,
                  | but a little more powerful. [potion of mutation]
  3294 | Sewer    | Gained mutation: You passively dampen the noise of your
                  | surroundings. [potion of mutation]
  3295 | Sewer    | Lost mutation: Your spells are a little harder to cast, but
                  | a little more powerful. [potion of mutation]
  3295 | Sewer    | Lost mutation: You passively dampen the noise of your
                  | surroundings. [potion of mutation]
  3295 | Sewer    | Gained mutation: You have hidden genetic potential. [potion
                  | of mutation]
  3714 | D:3      | Found a hide-covered altar of Uskayaw.
  3967 | D:3      | Found the +3 pair of gauntlets of War {Slay+5}
  4183 | D:4      | Noticed Eustachio
  4195 | D:4      | Killed Eustachio
  4196 | D:4      | Reached XP level 8. HP: 52/61 MP: 10/10
  4255 | D:4      | Noticed Dowan
  4255 | D:4      | Noticed Duvessa
  4260 | D:4      | Killed Duvessa
  4265 | D:4      | Killed Dowan
  4277 | D:4      | Reached skill level 5 in Axes
  4278 | D:4      | Gained mutation: You expend magic power (3 MP) to
                  | strengthen your wands. [hidden potential]
  4363 | D:4      | Reached skill level 5 in Armour
  4458 | D:4      | Reached skill level 5 in Fighting
  4935 | D:5      | Entered Level 5 of the Dungeon
  4972 | D:5      | Noticed a yak
  4973 | D:5      | Noticed a yak
  4973 | D:5      | Noticed a yak
  4973 | D:5      | Noticed a yak
  4973 | D:5      | Noticed a yak
  4975 | D:5      | Noticed a yak
  4981 | D:5      | Killed a yak
  4985 | D:5      | Killed a yak
  4986 | D:5      | Reached XP level 9. HP: 55/68 MP: 10/12
  4998 | D:5      | Reached skill level 6 in Axes
  5008 | D:5      | Gained mutation: A frigid envelope surrounds you and
                  | freezes all who hurt you. [hidden potential]
  5008 | D:5      | Lost mutation: You have hidden genetic potential. [hidden
                  | potential expressed]
  5139 | D:5      | Noticed a hornet
  5146 | D:5      | Killed a hornet
  5320 | D:5      | Noticed a hornet
  5326 | D:5      | Killed a hornet
  5327 | D:5      | Reached skill level 5 in Invocations
  5361 | D:5      | Reached XP level 10. HP: 70/76 MP: 13/13
  5596 | D:5      | Reached skill level 7 in Axes
  5799 | D:6      | Reached skill level 5 in Evocations
  5937 | D:6      | Found a staircase to the Ecumenical Temple.
  5947 | Temple   | Entered the Ecumenical Temple
  7460 | D:7      | Noticed a brown ugly thing
  7462 | D:7      | Noticed a deep elf pyromancer
  7466 | D:7      | Killed a brown ugly thing
  7467 | D:7      | Reached skill level 8 in Axes
  7468 | D:7      | Killed a deep elf pyromancer
  7593 | D:7      | Reached XP level 11. HP: 71/83 MP: 15/15
  8124 | D:8      | Found a basalt altar of Yredelemnul.
  8150 | D:8      | Found an iron altar of Okawaru.
  8160 | D:8      | Became a worshipper of Warmaster Okawaru
  8350 | D:8      | Noticed a two-headed ogre
  8361 | D:8      | Killed a two-headed ogre
  8362 | D:8      | Reached skill level 5 in Dodging
  8448 | D:8      | Reached * piety under Okawaru
  8595 | D:8      | Found a shimmering blue altar of Sif Muna.
  8666 | D:9      | Found Qiygriu's Weapon Shoppe.
  8707 | D:9      | Found an ancient bone altar of Kikubaaqudgha.
  8766 | D:9      | Found Mijas's Antique Weapon Shop.
  8796 | D:9      | Noticed a death yak
  8801 | D:9      | Noticed a death yak
  8801 | D:9      | Noticed a death yak
  8802 | D:9      | Found a staircase to the Lair.
  8815 | D:9      | Killed a death yak
  8825 | D:9      | Killed a death yak
  8825 | D:9      | Reached ** piety under Okawaru
  8826 | D:9      | Reached skill level 9 in Axes
  8836 | D:9      | Killed a death yak
  8973 | D:9      | Found a snail-covered altar of Cheibriados.
  9292 | D:10     | Entered Level 10 of the Dungeon
  9479 | D:10     | Found a stormy altar of Qazlal.
  9526 | D:10     | Noticed Grum
  9531 | D:10     | Killed Grum
  9553 | D:10     | Found a bloodstained altar of Trog.
  9786 | D:10     | Reached *** piety under Okawaru
 10121 | D:11     | Noticed a two-headed ogre
 10127 | D:11     | Killed a two-headed ogre
 10128 | D:11     | Reached XP level 12. HP: 92/92 MP: 17/17
 10368 | D:11     | Reached **** piety under Okawaru
 10415 | D:11     | Noticed Erica
 10430 | D:11     | Killed Erica
 10480 | D:11     | Reached skill level 10 in Axes
 10765 | D:11     | Found a bloodstained altar of Trog.
 11065 | D:12     | Reached ***** piety under Okawaru
 11152 | D:12     | Noticed a boulder beetle
 11252 | D:12     | Killed a boulder beetle
 11252 | D:12     | Received a gift from Okawaru
 11289 | D:12     | Noticed a two-headed ogre
 11294 | D:12     | Killed a two-headed ogre
 11295 | D:12     | Reached skill level 10 in Shields
 11376 | D:12     | Found a staircase to the Orcish Mines.
 11774 | D:13     | Identified the ring "Kosepefy" {rC+ AC+4}
 11786 | D:13     | Found a gate to the Vaults.
 11786 | D:13     | Noticed a vault guard
 11786 | D:13     | Noticed a vault guard
 11786 | D:13     | Noticed a two-headed ogre
 11786 | D:13     | Noticed a vault guard
 11786 | D:13     | Noticed a centaur warrior
 11786 | D:13     | Noticed a five-headed hydra
 11786 | D:13     | Noticed a vault guard
 11791 | D:13     | Killed a five-headed hydra
 11792 | D:13     | Reached XP level 13. HP: 30/99 MP: 3/19
 11894 | D:12     | Killed a vault guard
 11945 | D:12     | Killed a vault guard
 11945 | D:12     | Received a gift from Okawaru
 11946 | D:12     | Reached skill level 11 in Axes
 11977 | D:12     | Killed a vault guard
 12086 | D:13     | Killed a centaur warrior
 12115 | D:13     | You fall into a shaft and drop 1 floor!
 12304 | D:14     | Noticed a five-headed hydra
 12315 | D:14     | Killed an eight-headed hydra
 12554 | D:13     | Killed a vault guard
 12554 | D:13     | Reached ****** piety under Okawaru
 12612 | D:13     | Noticed a centaur warrior
 12619 | D:13     | Killed a centaur warrior
 12713 | D:13     | Received a gift from Okawaru
 12919 | D:13     | Identified the +5 ring mail of the Meadowlark {rElec Str+4
                  | Dex+3} (Okawaru gifted it to you on level 13 of the
                  | Dungeon)
 12919 | D:13     | Received a gift from Okawaru
 13010 | D:13     | Noticed a centaur warrior
 13015 | D:13     | Killed a centaur warrior
 13016 | D:13     | Reached XP level 14. HP: 60/108 MP: 21/21
 13042 | D:13     | Reached skill level 12 in Axes
 13223 | D:13     | Mangled by a large slime creature

Illustrated notes

Levels and vault maps discovered:
D:1:      dpeg_arrival_refuge, layout_basic, serial_forest,
          infiniplex_forest_clump_double, infiniplex_forest_end_3,
          infiniplex_forest_clump_cross, infiniplex_forest_end_2,
          infiniplex_forest_clump_small, infiniplex_forest_straight_2,
          infiniplex_forest_pool, infiniplex_forest_lined_ring,
          infiniplex_forest_end_2
D:2:      layout_basic, serial_rivers, chequers_serial_rivers_micro_d,
          chequers_serial_rivers_micro_c, chequers_serial_rivers_small_3,
          chequers_serial_rivers_small_a, chequers_serial_rivers_micro_e,
          chequers_serial_rivers_micro_e, kennysheep_generic_room_11,
          uniq_jessica, uniq_terence, uniq_sigmund
D:3:      layout_basic, mainiacjoe_overflow_24_doors, gup_sewer_entry_bowl
D:4:      layout_loops_ring, uniq_eustachio, uniq_duvessa
D:5:      layout_basic
D:6:      lemuel_ratsnest, layout_basic, temple_green,
          chequers_serial_rivers_micro_a, hangedman_abyss_or_decor_stagger,
          hangedman_abyss_or_decor_lesser_grid,
          nicolae_concentric_dashed_squares_wild
D:7:      minmay_cornered_nines, layout_loops_corners
D:8:      layout_basic, okawaru_altar_gauntlet_db, kennysheep_mini_moat,
          nicolae_overflow_crystal_walls
D:9:      layout_roguey, mainiacjoe_overflow_concentric_impassable,
          lemuel_doored_altar, dpeg_lair_monsters, serial_shops, shop,
          nicolae_shop_hallway_stairs
D:10:     layout_roguey, nicolae_qazlal_scattered_showers, trog_book,
          nooodl_orcs_dogs, uniq_grum
D:11:     layout_irregular_city, tgw_trog, uniq_erica
D:12:     layout_roguey, erik_orc_1, hangedman_batty
D:13:     layout_loops_ring, lightli_vaults_fourway_checkpoint,
          kennysheep_generic_room_15
D:14:     minmay_s_stair_smasher, layout_basic, grunt_decor_cap
Temple:   minmay_temple_curvy_branch

Skill      XL: |  1  2  3  4  5  6  7  8  9 10 11 12 13 14 |
---------------+-------------------------------------------+-----
Evocations     | 1 2 3 4 5 7 8 |  8.9
Invocations    | 1 2 3 4 5 6 7 8 9 |  9.7
Fighting       | 4 5 6 7 8 9 |  9.5
Axes           | 3 4 5 6 8 9 10 11 12 | 12.0
Armour         | 4 5 6 7 8 9 |  9.7
Dodging        | 1 2 3 4 5 6 7 |  7.4
Shields        | 5 6 7 8 9 10 11 | 11.4

Action                   |  1- 3 |  4- 6 |  7- 9 | 10-12 | 13-15 || total
-------------------------+-------+-------+-------+-------+-------++-------
Melee: War axe           |    86 |    97 |   202 |   400 |   155 ||   940
Invok: Heroism           |       |       |       |     3 |       ||     3
 Abil: Dig               |       |       |       |     3 |       ||     3
Evoke: Wand              |       |       |       |     9 |     2 ||    11
  Use: Scroll            |     3 |     4 |     5 |     7 |     1 ||    20
       Potion            |       |     3 |     4 |     4 |       ||    11
 Stab: Paralysed         |       |       |       |     4 |     3 ||     7
Armor: Scale mail        |    39 |       |       |       |       ||    39
       Chain mail        |    13 |    49 |   109 |    36 |       ||   207
       Plate armour      |       |       |       |   156 |    64 ||   220
       Ring mail         |       |       |       |       |     3 ||     3
Dodge: Dodged            |    34 |    51 |    68 |   141 |    38 ||   332
Block: Buckler           |    22 |    52 |    91 |   166 |     8 ||   339
       Reflection        |       |       |     1 |       |       ||     1
       Kite shield       |       |       |       |       |    81 ||    81
